 Dungeon Crawl Stone Soup version 0.31-a0-1172-g9944ec47dd (webtiles) character file.

Game seed: 10203443930964283914

337 Okkudo the Cleaver (level 6, -2/51 HPs)
             Began as a Hill Orc Monk on Dec 10, 2023.
             Was a Believer of Beogh.
             Slain by Duvessa
             ... wielding a +2 short sword of venom
              (3 damage)
             ... on level 4 of the Dungeon.
             The game lasted 00:07:48 (2571 turns).

Okkudo the Cleaver (Hill Orc Monk)                  Turns: 2571, Time: 00:07:49

Health: -2/51      AC: 10    Str: 16    XL:     6   Next: 54%
Magic:  6/6        EV:  8    Int: 10    God:    Beogh [**....]
Gold:   118        SH:  0    Dex: 19    Spells: 5/5 levels left

rFire   . . .        a - +0 hand axe
rCold   + . .        d - orb {light}
rNeg    . . .        r - +0 chain mail
rPois   .            s - +0 helmet
rElec   .            m - +0 cloak "Gap Iskimoa" {rC+}
rCorr   .            (no gloves)
SInv    .            (no boots)
Will    .....        (no amulet) Stlth
                     o - +6 ring of dexterity
HPRegen 0.28/turn    (no ring)
MPRegen 0.10/turn

%: no passive effects
@: mighty, lethally poisoned (-2 -> -6), glowing
A: no striking features
a: Renounce Religion, Smiting


You were on level 4 of the Dungeon.
You worshipped Beogh.
Beogh was pleased with you.
You visited 1 branch of the dungeon, and saw 4 of its levels.

You collected 222 gold pieces.
You spent 104 gold pieces at shops.

Inventory:

Hand Weapons
 a - a +0 hand axe (weapon)
 p - a +0 trident
Armour
 d - an orb of light (worn)
 m - the +0 cloak "Gap Iskimoa" (worn) {rC+}
   (You found it on level 2 of the Dungeon)

   rC+:       It protects you from cold.
 r - a +0 chain mail (worn)
 s - a +0 helmet (worn)
Jewellery
 o - a +6 ring of dexterity (left hand)
Scrolls
 b - a scroll of amnesia
 c - a scroll of immolation {unknown}
 h - 2 scrolls of fear
 i - 2 scrolls of teleportation
 j - 2 scrolls of enchant weapon
 q - 2 scrolls of blinking
 t - a scroll of revelation {unknown}
 u - a scroll of noise {unknown}
 v - a scroll of torment {unknown}
Potions
 e - a potion of mutation {unknown}
 f - a potion of heal wounds {unknown}
 g - a potion of invisibility {unknown}
 k - a potion of degeneration {unknown}
 l - a potion of haste {unknown}
 n - a potion of might


   Skills:
 - Level 3.6 Fighting
 * Level 9.4 Axes
 - Level 2.4 Dodging


You had 5 spell levels left.
You didn't know any spells.
Your spell library contained the following spells:

 Spells                   Type           Power      Damage    Failure   Level
 Magic Dart               Conj           0%         1d3       99%         1
 Call Imp                 Summ           0%         N/A       100%        2
 Mephitic Cloud           Conj/Pois/Air  0%         N/A       100%        3


Dungeon Overview and Level Annotations

Branches:
Dungeon (4/15)
 Temple: D:4-7

Altars:
Gozag

Shops:
D:2 ?!   D:3 [

Annotations:
D:4 Dowan, Duvessa


Message History

You hit Duvessa but do no damage.
You feel sick.
Duvessa hits you with a +2 short sword of venom!
You are more poisoned.
You barely miss Duvessa.
You feel very sick. Duvessa barely misses you.
Duvessa gestures with her weapon.
Duvessa hits you but does no damage.
You barely miss Duvessa.
You feel sick.
Dowan mumbles some strange words.
Dowan blinks!
Duvessa completely misses you.
You hit Duvessa.
Duvessa is lightly wounded.
You feel sick. Duvessa barely misses you.
You slash Duvessa!
Duvessa is moderately wounded.
You feel sick.
Duvessa says, "My weaknesses are his strengths!"
Duvessa hits you but does no damage.
You hit Duvessa.
Duvessa is moderately wounded.
You feel sick.
Duvessa hits you with a +2 short sword of venom. x2
* * * LOW HITPOINT WARNING * * *
You are lethally poisoned!
* * * LOW HITPOINT WARNING * * *
You feel very sick.
* * * LOW HITPOINT WARNING * * *
You feel very sick. Duvessa closely misses you.
* * * LOW HITPOINT WARNING * * *
You feel sick.
* * * LOW HITPOINT WARNING * * *
You feel sick. Duvessa barely misses you.
It was a potion of might.
You feel very mighty all of a sudden.
* * * LOW HITPOINT WARNING * * *
You feel sick.
Duvessa hits you with a +2 short sword of venom.
You die...

###### #....# #+##
#....# .....
#....###########..)...
#.....e....e....))....
#....@#########)......
#......# .:.#...
##......# ...# #
##..##...#### ...#
#>.[†........ ...#
#.#....###### ...#
#......+ ...#
#......####
#.........#


You could see Duvessa (fast) and Dowan.

Vanquished Creatures
  A scorpion (D:4)
  A jelly (D:4)
  2 hounds (D:4)
  An iguana (D:3)
  A sleepcap (D:4)
  An orc wizard (D:3)
  2 adders
  4 gnolls (D:3)
  3 worms
  A dart slug (D:3)
  4 orcs
  7 endoplasms
  3 giant cockroaches
  9 goblins
  5 hobgoblins
  3 jackals (D:1)
  A quokka (D:3)
  4 ball pythons
  2 bats (D:1)
  A frilled lizard (D:2)
  3 kobolds
  3 rats
62 creatures vanquished.

Vanquished Creatures (others)
  4 orcs (D:4)
  A kobold (D:4)
5 creatures vanquished.

Grand Total: 67 creatures vanquished

Notes
Turn   | Place    | Note
-------+----------+-------------------------------------------
     0 | D:1      | Okkudo the Hill Orc Monk began the quest for the Orb.
     0 | D:1      | Reached XP level 1. HP: 19/19 MP: 1/1
   164 | D:1      | Reached XP level 2. HP: 26/26 MP: 2/2
   232 | D:1      | Reached skill level 5 in Axes
   653 | D:2      | Reached XP level 3. HP: 17/31 MP: 3/3
   874 | D:2      | Found Jocait's Magic Scroll Boutique.
   886 | D:2      | Bought a scroll of identify for 26 gold pieces
   886 | D:2      | Bought 3 scrolls of identify for 78 gold pieces
  1152 | D:2      | Reached skill level 6 in Axes
  1155 | D:2      | Identified the +0 cloak "Gap Iskimoa" {rC+}
  1180 | D:2      | Found Kogoawn's Distillery.
  1412 | D:3      | Found Sangeixt's Antique Armour Boutique.
  1437 | D:3      | Reached XP level 4. HP: 38/39 MP: 4/4
  1612 | D:3      | Reached skill level 7 in Axes
  1627 | D:3      | Reached XP level 5. HP: 44/45 MP: 5/5
  1996 | D:3      | Reached skill level 8 in Axes
  2056 | D:3      | Found an opulent altar of Gozag.
  2229 | D:4      | Reached XP level 6. HP: 51/51 MP: 6/6
  2492 | D:4      | Reached skill level 9 in Axes
  2543 | D:4      | Noticed Duvessa
  2544 | D:4      | Became a worshipper of Beogh the Brigand
  2544 | D:4      | Reached * piety under Beogh
  2544 | D:4      | Reached ** piety under Beogh
  2544 | D:4      | Noticed Dowan
  2570 | D:4      | HP: 2/51 [poisoned by Duvessa]
  2571 | D:4      | Slain by Duvessa

Illustrated notes

Levels and vault maps discovered:
D:1:      minmay_arrival_shattered_statue, layout_rooms
D:2:      layout_basic, serial_shops, nicolae_shop_industrial_runoff,
          nicolae_lakefront_shop, wad_floor_pattern_2, minmay_tall_x
D:3:      layout_loops_ring, grunt_gozag_breadcrumbs, serial_shops, shop,
          serial_park_tiny_pond
D:4:      layout_basic, mainiacjoe_overflow_six_doors_small, serial_shops,
          nicolae_shop_rolled_up, uniq_duvessa

Skill      XL: |  1  2  3  4  5  6 |
---------------+-------------------+-----
Axes           | 5 6 7 8 9 |  9.4
Fighting       | |  3.6
Dodging        | |  2.4

Action                     |  1- 3 |  4- 6 || total
---------------------------+-------+-------++-------
  Melee: Hand axe          |   104 |   131 ||   235
 Invoke: Convert to Beogh  |       |     1 ||     1
    Use: Scroll            |     3 |     2 ||     5
         Potion            |       |     2 ||     2
 Armour: Robe              |    44 |       ||    44
         Chain mail        |       |    97 ||    97
  Dodge: Dodged            |    62 |    52 ||   114

Table legend: (Time is in decaauts)
 A = Elapsed time spent in this place.
 B = Non-inter-level travel time spent in this place.
 C = Inter-level travel time spent in this place.
 D = Time resting spent in this place.
 E = Time spent auto-exploring this place.
 F = Levels seen in this place.
 G = Mean time per level.
                   A        B        C        D        E       F      G
               +--------+--------+--------+--------+--------+-----+--------+
         Total |   2563 |   2536 |     27 |    361 |   1207 |   4 |  640.8 |
       Dungeon |   2563 |   2536 |     27 |    361 |   1207 |   4 |  640.8 |
               +--------+--------+--------+--------+--------+-----+--------+

Top non-repeatable levels by time:
     D:3: 836 daAuts
     D:2: 726 daAuts
     D:1: 610 daAuts
     D:4: 389 daAuts
